 Dungeon Crawl Stone Soup version 0.27-a0-1557-g57f10a385c (webtiles) character file.

Game seed: 2520654023653711973

2 fiver49 the Shooter (level 1, -1/27 HPs)
             Began as a Naga Wanderer on July 16, 2021.
             Slain by a rat (3 damage)
             ... on level 1 of the Dungeon.
             The game lasted 00:00:35 (386 turns).

fiver49 the Shooter (Naga Wanderer)                  Turns: 386, Time: 00:00:35

Health: -1/27      AC:  1    Str: 14    XL:     1   Next: 30%
Magic:  1/1        EV:  6    Int: 13    God:
Gold:   11         SH:  7    Dex:  9    Spells: 0/0 levels left

rFire    . . .     SeeInvis +   a - +0 club
rCold    . . .     Faith    .   c - +0 kite shield
rNeg     . . .     Spirit   .   b - +0 robe
rPois    +         Reflect  .   (no helmet)
rElec    .         Harm     .   (no cloak)
rCorr    .         Rampage  .   (no gloves)
Will     .....                  (no barding)
Stlth    ..........             (no amulet)
HPRegen  0.09/turn              (no ring)
MPRegen  0.07/turn              (no ring)

@: berserking, quick
A: AC +0, large, see invisible, deformed body, poison resistance, slowness 2,
spit poison 1, naga tail 1
a: Spit Poison


You were on level 1 of the Dungeon.
You visited 1 branch of the dungeon, and saw 1 of its levels.

You collected 11 gold pieces.

Inventory:

Hand Weapons
 a - a +0 club (weapon)
Armour
 b - a +0 robe (worn)
 c - a +0 kite shield (worn)
 e - a +0 tower shield


   Skills:
 + Level 1.3 Fighting
 - Level 2.6 Bows
 - Level 1.7 Crossbows
 - Level 1.0 Throwing
 - Level 1.5 Armour
 - Level 1.0 Shields


You couldn't memorise any spells.
You didn't know any spells.
Your spell library contained the following spells:

 Spells                   Type           Power      Damage    Failure   Level
 Animate Skeleton         Necr           0%         N/A       86%         1
 Freeze                   Ice            0%         1d3       86%         1
 Frozen Ramparts          Ice            0%         1d2       99%         3
 Vampiric Draining        Necr           0%         2d6       99%         3


Dungeon Overview and Level Annotations

Branches:
Dungeon (1/15)

Altars:


Innate Abilities, Weirdness & Mutations

Your serpentine skin is tough. (AC +0)
You have supernaturally acute eyesight. (SInv)
Armour fits poorly on your strangely shaped body.
Your system is resistant to poisons. (rPois)
You cover ground very slowly.
You can spit poison.
You have a snake-like lower body.


Message History

You see here 8 gold pieces.
You closely miss the rat. The rat bites you. The rat barely misses you.
You completely miss the rat. The rat bites you.
You closely miss the rat. The rat bites you. x2
You hit the rat.
The rat is heavily wounded.
You block the rat's attack.
You barely miss the rat.
The rat is heavily wounded.
The rat bites you. The rat barely misses you.
You closely miss the rat. The rat bites you.
You are too injured to fight recklessly!
You are too injured to fight recklessly!
You are too injured to fight recklessly!
You closely miss the rat. The rat bites you. You block the rat's attack.
You hit the rat.
The rat is heavily wounded.
The rat twitches its whiskers.
The rat barely misses you.
You barely miss the rat.
The rat is heavily wounded.
The rat bites you. x2
* * * LOW HITPOINT WARNING * * *
You closely miss the rat.
The rat is heavily wounded.
The rat bites you.
* * * LOW HITPOINT WARNING * * *
You block the rat's attack.
You closely miss the rat.
The rat is heavily wounded.
The rat bites you.
* * * LOW HITPOINT WARNING * * *
It was a potion of berserk rage.
A red film seems to cover your vision as you go berserk!
You feel yourself moving faster!
You feel mighty! The rat bites you.
* * * LOW HITPOINT WARNING * * *
You closely miss the rat.
The rat is heavily wounded.
The rat bites you.
You die...

.. .... .. .... .. ...#
... ...#.#.# #..##
##.###....#.# #...#
#.........#.#+#+#.# ##
.....$..#.#.......#..#(
..[.....#.#.............
......r.#........###...#
#@#...............
#...........###. #
.........##......##.#
###########..........
.... ...# #......##.#
#...#####.###.....## .# .
+...+.................##.
#...#####.###########....
#...# #.####.........##


You could see a rat.

Vanquished Creatures
  A quokka (D:1)
  A frilled lizard (D:1)
2 creatures vanquished.

Notes
Turn   | Place    | Note
-------+----------+-------------------------------------------
     0 | D:1      | fiver49 the Naga Wanderer began the quest for the Orb.
     0 | D:1      | fiver49 set off with the following items: a +0 club, a +0
                  | robe, a +0 kite shield; and the following spells available
                  | to memorise: Animate Skeleton, Freeze, Frozen Ramparts,
                  | Vampiric Draining
     0 | D:1      | Reached XP level 1. HP: 18/18 MP: 1/1
   385 | D:1      | HP: 1/27 [rat (1)]
   386 | D:1      | Slain by a rat

Illustrated notes

Levels and vault maps discovered:
D:1:      moated_graveyard_arrival, layout_basic,
          hellmonk_ecumenical_altar_prayer_group, minivault_23,
          amcnicky_mini_pool_small, solitary_fountain

Action                   || total
-------------------------++-------
Melee: Club              ||    26
  Use: Potion            ||     1
Armor: Robe              ||     2
Dodge: Dodged            ||     7
Block: Kite shield       ||    13

Table legend: (Time is in decaauts)
 A = Elapsed time spent in this place.
 B = Non-inter-level travel time spent in this place.
 C = Inter-level travel time spent in this place.
 D = Time resting spent in this place.
 E = Time spent auto-exploring this place.
 F = Levels seen in this place.
 G = Mean time per level.
                   A        B        C        D        E       F      G
               +--------+--------+--------+--------+--------+-----+--------+
         Total |    431 |    431 |      0 |     98 |    246 |   1 |  431.0 |
       Dungeon |    431 |    431 |      0 |     98 |    246 |   1 |  431.0 |
               +--------+--------+--------+--------+--------+-----+--------+

Top non-repeatable levels by time:
     D:1: 431 daAuts
